 Dungeon Crawl Stone Soup version 0.27-a0-287-gd4424db430 (webtiles) character file.

Game seed: 17297745184466004913

8324 Anon1729 the Transmogrifier (level 11, 0/39 HPs)
             Began as a Felid Transmuter on Feb 8, 2021.
             Was a Priest of Fedhas.
             Slain by a six-headed hydra (10 damage)
             ... on level 3 of the Lair of Beasts.
             The game lasted 01:00:03 (28407 turns).

Anon1729 the Transmogrifier (Felid Transmuter)     Turns: 28407, Time: 01:00:04

Health: 0/39       AC: 12    Str:  6      XL:     11   Next: 8%
Magic:  10/17      EV: 17    Int: 12 (16) God:    Fedhas [***...]
Gold:   330        SH:  0    Dex: 26      Spells: 1/22 levels left
                                        Lives:  0   Deaths: 3

rFire    x . .     SeeInvis +     - Unarmed
rCold    + + +     Faith    .   (shield unavailable)
rNeg     + + .     Spirit   .   (armour unavailable)
rPois    +         Reflect  .   (helmet unavailable)
rElec    .         Harm     .   (cloak unavailable)
rCorr    .         Rampage  .   (gloves unavailable)
Will     ++...                  (boots unavailable)
Stlth    ++++......             M - amulet of regeneration
HPRegen  0.53/turn              J - ring "Sotalal" {rC+ rN+ Will+ Dex+4}
MPRegen  0.15/turn              n - ring "Xaggeyho" {rN+ Dex+5 Slay+2 Stlth+}

@: icy armour, ice-form, studying Ice Magic
A: large, no armour, no weapons or thrown items, stealth, see invisible, [dopey
1], [frail 3], [low mp 2], [screaming 1], [no potion heal 2], [subdued magic 3]
a: End Transformation, Renounce Religion, Wall of Briars, Grow Ballistomycete


You were on level 3 of the Lair of Beasts.
You worshipped Fedhas.
Fedhas was most pleased with you.
You were a creature of crystalline ice.
You visited 2 branches of the dungeon, and saw 15 of its levels.
You also visited: Sewer and Gauntlet.

You collected 882 gold pieces.
You spent 552 gold pieces at shops.

Inventory:

Jewellery
 k - an uncursed ring of wizardry
 n - the ring "Xaggeyho" (right front paw) {rN+ Dex+5 Slay+2 Stlth+}
   (You found it on level 8 of the Dungeon)

   [ring of positive energy]

   It affects your dexterity (+5).
   It affects your accuracy and damage with ranged weapons and melee attacks
   (+2).
   It protects you from negative energy.
   It makes you more stealthy.
 r - a +6 ring of strength
 x - an uncursed ring of wizardry
 C - an uncursed ring of protection from cold
 D - an uncursed ring of willpower
 I - an uncursed ring of ice
 J - the ring "Sotalal" (left front paw) {rC+ rN+ Will+ Dex+4}
   (You bought it in a shop on level 7 of the Dungeon)

   [ring of protection from cold]

   It affects your dexterity (+4).
   It protects you from cold.
   It protects you from negative energy.
   It affects your willpower, your defense against some magical effects.
 L - the ring "Hula" {Wiz rC+ Dex-4 SInv}
   (You found it in a Gauntlet)

   [ring of wizardry]

   It improves your spell success rate.
   It affects your dexterity (-4).
   It protects you from cold.
   It lets you see invisible.
 M - an amulet of regeneration (around neck)
Wands
 y - a wand of acid (2)
 z - a wand of charming (13)
 B - a wand of flame (17)
 F - a wand of polymorph (17)
 K - a wand of iceblast (6)
Scrolls
 a - a scroll of fear
 e - 3 scrolls of blinking
 g - 2 scrolls of immolation
 h - 2 scrolls of fog
 i - 9 scrolls of remove curse
 q - 3 scrolls of teleportation
 u - 2 scrolls of magic mapping
 v - 7 scrolls of identify
 w - 4 scrolls of amnesia
 A - a scroll of vulnerability {unknown}
 E - a scroll of summoning {unknown}
 H - a scroll of brand weapon {unknown}
Potions
 b - 3 potions of curing
 c - a potion of haste
 d - 3 potions of heal wounds
 f - 5 potions of brilliance
 j - 7 potions of flight
 l - 3 potions of invisibility {unknown}
 m - 2 potions of mutation
 o - 2 potions of resistance {unknown}
 p - 3 potions of attraction {unknown}
 s - 3 potions of might
 t - 2 potions of magic {unknown}
 G - a potion of ambrosia {unknown}


   Skills:
 - Level 5.9 Fighting
 + Level 6.8 Dodging
 - Level 2.4 Stealth
 - Level 9.6 Unarmed Combat
 - Level 6.3 Spellcasting
 - Level 5.3 Translocations
 - Level 12.1 Transmutations
 + Level 11.8 Ice Magic
 - Level 1.1 Poison Magic
 - Level 0.9 Invocations


You had one spell level left.
You knew the following spells:

 Your Spells              Type           Power        Failure   Level
a - Beastly Appendage     Tmut           34%          0%          1
b - Wereblood             Tmut           17%          1%          2
c - Ozocubu's Armour      Ice            16%          1%          3
d - Blade Hands           Tmut           8%           1%          5
e - Blink                 Tloc           N/A          1%          2
f - Ice Form              Ice/Tmut       17%          1%          4
g - Summon Ice Beast      Ice/Summ       9%           9%          4

Your spell library contained the following spells:

 Spells                   Type           Power        Failure   Level
 Freeze                   Ice            64%          0%          1
 Magic Dart               Conj           8%           10%         1
 Frozen Ramparts          Ice            32%          1%          3
 Spider Form              Tmut/Pois      5%           1%          3
 Hailstorm                Conj/Ice       9%           9%          4
 Call Imp                 Summ           2%           16%         2
 Slow                     Hex            2%           16%         2
 Mephitic Cloud           Conj/Pois/Air  2%           28%         3
 Conjure Flame            Conj/Fire      2%           32%         3


Dungeon Overview and Level Annotations

Branches:
Dungeon (12/15)            Temple (0/1) D:5            Lair (3/6) D:8
 Spider (0/4) Lair:2        Sewer (visited)         Gauntlet (visited)
  Swamp: Lair:2-4    Shoals: Lair:2-4       Orc: D:9-12

Altars:
Dithmenos
Fedhas
Uskayaw
The Shining One
Lugonu

Shops:
D:7 =

Annotations:
D:6 1 exclusion
D:8 exclusion: ice statue


Innate Abilities, Weirdness & Mutations

You cannot wear armour.
You are incapable of wielding weapons or throwing items.
Your paws allow you to move quietly. (Stealth)
((You have sharp claws.))
((You have razor-sharp teeth.))
You have supernaturally acute eyesight. (SInv)
((You cover ground quickly.))
((You are covered in thick fur. (AC +2)))
((Your sharp claws are effective at attacking unaware monsters.))
[You are dopey. (Int -2)]
[You are extremely frail. (-30% HP)]
[Your magical capacity is very low. (-20% MP)]
[You occasionally shout uncontrollably at your foes.]
[Potions are poor at restoring your health.]
[Your spells are much easier to cast, but much less powerful.]


Message History

Casting: Ice Form (safe; 1% risk of failure)
Confirm with . or Enter, or press ? or * to list all spells.
Your icy body feels more resilient.
The six-headed hydra bites you!
The six-headed hydra barely misses you. x2; The six-headed hydra bites you.
The six-headed hydra bites you!
The six-headed hydra bites you but does no damage.
Unknown command.
Unknown command.
Unknown command.
You punch the six-headed hydra!
The six-headed hydra seems to slow down.
You freeze the six-headed hydra.
The six-headed hydra is moderately wounded.
The six-headed hydra closely misses you.
The six-headed hydra bites you!
* * * LOW HITPOINT WARNING * * *
The six-headed hydra closely misses you.
The six-headed hydra bites you!
You die...
Fedhas appreciates your contribution to the ecosystem.

,,,,,,,,,,,,,,,* ,,,,,,,,,..,...*
*,,,,,,,,......*
,,,,,,,,,......#*
,,,,,,,,,...F#..**
,,,,,,,,,.......,* *## *## #
,,,,,,,,,.......#######.* *#.####
*,,,,,,,,......D#P#..#.####.##...
,,,,,,,,,,,,,,,#Y....#..##..#....
*,,,,,,,,*,,,,,#...........##....
,,,,,,,,,,,,....##..........#....
,,,,,,,,,*,.....................∩
,,,,,,,,,,.........(.............
,,,,,,,,,,.......................
*,*,,,,,,,..................>....
***,*,,,,,.............#.........
,,***,,,,,,,.....................


You could see a six-headed hydra (slow) and a cane toad.

Vanquished Creatures
  Snorg (D:11)
  Fannar (Lair:2)
  Erica (D:11)
  Pikel (D:4)
  A manticore (D:11)
  Maggie (D:10)
  7 komodo dragons
  4 cane toads
  Psyche (D:11)
  2 rime drakes (Lair:2)
  A red devil (D:10)
  A polar bear (Lair:1)
  A tyrant leech (Gauntlet)
  Prince Ribbit (D:6)
  19 yaks
  Menkaure (D:7)
  2 neqoxecs (Gauntlet)
  2 water moccasins
  2 orc warriors
  4 sky beasts
  6 ice beasts
  12 wolves
  An ogre (D:2)
  6 centaurs
  2 lemures (D:4)
  6 phantoms
  5 bullfrogs
  A gnoll sergeant (D:10)
  3 scorpions
  8 killer bees (D:11)
  9 wights
  8 howler monkeys
  A bullfrog zombie (D:5)
  6 hounds
  3 jellies
  A centaur skeleton (D:5)
  6 orc priests
  A bullfrog skeleton (D:6)
  5 iguanas
  11 orc wizards
  5 worker ants
  A killer bee zombie (D:7)
  An ogre zombie (D:12)
  A hound zombie (D:10)
  A howler monkey zombie (D:10)
  3 worker ant zombies
  Robin (D:4)
  17 adders
  5 gnolls
  A howler monkey skeleton (D:4)
  2 river rats (D:4)
  2 shadow imps
  4 white imps
  2 ufetubi
  2 oozes
  An adder zombie (D:9)
  3 adder skeletons
  5 worms
  4 dart slugs
  7 leopard geckos
  39 orcs
  4 giant cockroaches
  17 goblins
  12 hobgoblins
  13 jackals
  13 kobolds
  5 quokkas
  4 ball pythons
  10 bats
  11 frilled lizards
  A leopard gecko zombie (D:5)
  3 orc zombies (D:12)
  12 rats
367 creatures vanquished.

Vanquished Creatures (collateral kills)
  A wretched star (Gauntlet)
  A swamp worm (Gauntlet)
  2 wolves (Lair:2)
  8 ballistomycete spores (D:11)
12 creatures vanquished.

Vanquished Creatures (others)
  2 swamp worms (Gauntlet)
  2 jackals (D:1)
  22 fungi
  24 plants
50 creatures vanquished.

Grand Total: 429 creatures vanquished

Notes
Turn   | Place    | Note
-------+----------+-------------------------------------------
     0 | D:1      | Anon1729 the Felid Transmuter began the quest for the Orb.
     0 | D:1      | Reached XP level 1. HP: 9/9 MP: 4/4
   544 | D:1      | Reached XP level 2. HP: 10/12 MP: 4/6
  1695 | D:1      | Learned a level 2 spell: Wereblood
  1698 | D:2      | Reached XP level 3. HP: 15/15 MP: 7/7
  1702 | D:2      | Learned a level 3 spell: Spider Form
  1946 | D:2      | Noticed an ogre
  1965 | D:2      | Killed an ogre
  1966 | D:2      | Reached skill level 3 in Transmutations
  1966 | D:2      | Reached XP level 4. HP: 19/19 MP: 3/9
  2578 | D:2      | Reached XP level 5. HP: 22/22 MP: 10/10
  3960 | D:3      | Found a blossoming altar of Fedhas.
  3982 | D:3      | Became a worshipper of Fedhas Madash
  4045 | D:4      | HP: 1/22 [orc wizard/puff of flame (7)]
  4212 | D:4      | Found a glowing drain.
  4215 | D:4      | Noticed Robin
  4250 | D:4      | Gained mutation: You are covered in thick fur. (AC +2)
                  | [Felid growth]
  4250 | D:4      | Reached XP level 6. HP: 6/25 MP: 6/11
  4460 | D:4      | Killed Robin
  4461 | D:4      | Reached skill level 1 in Poison Magic
  4538 | Sewer    | Entered a sewer
  4547 | Sewer    | Reached * piety under Fedhas
  5738 | D:4      | Learned a level 5 spell: Blade Hands
  5808 | D:4      | Reached ** piety under Fedhas
  5916 | D:4      | Reached skill level 4 in Transmutations
  6545 | D:4      | Reached XP level 7. HP: 29/29 MP: 9/13
  6755 | D:4      | Reached skill level 5 in Transmutations
  7075 | D:4      | Noticed Pikel
  7097 | D:4      | Killed Pikel
  7098 | D:4      | Reached skill level 7 in Transmutations
  7098 | D:4      | Reached XP level 8. HP: 8/33 MP: 12/14
  7416 | D:4      | Reached skill level 8 in Transmutations
  7466 | D:5      | Entered Level 5 of the Dungeon
  7997 | D:5      | Reached skill level 9 in Transmutations
  8458 | D:5      | Found a glowing golden altar of the Shining One.
  8663 | D:5      | Found a staircase to the Ecumenical Temple.
  8693 | D:5      | Learned a level 2 spell: Blink
  8697 | D:5      | Reached *** piety under Fedhas
  8754 | D:5      | Reached skill level 10 in Transmutations
  9556 | D:6      | Noticed Prince Ribbit
  9565 | D:6      | HP: 1/33 [jackal (1)]
  9574 | D:6      | Killed Prince Ribbit
  9575 | D:6      | Reached skill level 11 in Transmutations
  9575 | D:6      | Reached XP level 9. HP: 11/36 MP: 11/15
 10624 | D:6      | Noticed a gargoyle
 11422 | D:7      | Reached skill level 1 in Ice Magic
 11496 | D:7      | Noticed Menkaure
 11498 | D:7      | Reached skill level 5 in Unarmed Combat
 11838 | D:7      | Killed Menkaure
 12322 | D:7      | Found Siepsamp's Jewellery Shop.
 12609 | D:7      | Reached **** piety under Fedhas
 12843 | D:8      | Reached skill level 12 in Transmutations
 13786 | D:8      | Noticed an ice statue
 14174 | D:8      | Found a staircase to the Lair.
 14448 | D:8      | Reached skill level 5 in Ice Magic
 14709 | Lair:1   | Entered Level 1 of the Lair of Beasts
 14711 | Lair:1   | Noticed a komodo dragon
 14751 | D:9      | Reached XP level 10. HP: 40/42 MP: 12/17
 14758 | D:9      | Learned a level 4 spell: Ice Form
 15263 | D:9      | Found a shadowy altar of Dithmenos.
 15621 | D:7      | Bought the ring "Sotalal" {rC+ rN+ Will+ Dex+4} for 552
                  | gold pieces
 15811 | D:8      | Got a shimmering bone ring
 15821 | D:8      | Identified the ring "Xaggeyho" {rN+ Dex+5 Slay+2 Stlth+}
                  | (You found it on level 8 of the Dungeon)
 16202 | Lair:1   | Noticed a cane toad
 16209 | Lair:1   | Killed a cane toad
 16294 | Lair:1   | Noticed a cane toad
 16737 | D:10     | Entered Level 10 of the Dungeon
 17621 | D:10     | Noticed Maggie
 17634 | D:10     | Killed Maggie
 17635 | D:10     | Reached skill level 5 in Spellcasting
 17929 | D:10     | Found a corrupted altar of Lugonu.
 17930 | D:10     | Noticed a rust devil
 18962 | D:11     | Noticed Erica
 19089 | D:11     | Noticed Snorg
 19242 | D:11     | Mangled by Snorg
 19243 | D:11     | Reached XP level 9. HP: -10/39 MP: 11/17
 19291 | D:11     | Killed Snorg
 19292 | D:11     | Reached XP level 10. HP: 43/43 MP: 8/19
 19295 | D:11     | Killed Erica
 19296 | D:11     | Reached skill level 5 in Fighting
 19691 | D:11     | Noticed a manticore
 19709 | D:11     | Killed a manticore
 20037 | D:11     | Noticed Psyche
 20051 | D:11     | Killed Psyche
 21736 | Lair:1   | HP: 2/44 [polar bear (2)]
 22043 | Lair:1   | Reached skill level 1 in Translocations
 22226 | Lair:1   | Found a hide-covered altar of Uskayaw.
 22281 | Lair:1   | Killed a cane toad
 22814 | Lair:1   | Reached XP level 11. HP: 48/48 MP: 15/21
 23024 | Lair:1   | Reached skill level 10 in Ice Magic
 23253 | Lair:2   | Slain by a yak
 23254 | Lair:2   | Reached XP level 10. HP: 0/45 MP: 15/20
 23271 | Lair:2   | Noticed a cane toad
 23276 | Lair:2   | Slain by a cane toad
 23277 | Lair:2   | Reached XP level 9. HP: -3/40 MP: 19/19
 23277 | Lair:2   | Noticed a komodo dragon
 23304 | Lair:2   | Noticed a cane toad
 23304 | Lair:2   | Noticed a rime drake
 23313 | Lair:2   | Noticed Fannar
 23358 | Lair:1   | Killed a cane toad
 23547 | Lair:1   | Killed a komodo dragon
 24369 | Lair:2   | Noticed a rime drake
 24378 | Lair:2   | Killed a rime drake
 24600 | Lair:2   | Killed Fannar
 24601 | Lair:2   | Reached skill level 5 in Translocations
 24601 | Lair:2   | Reached XP level 10. HP: 19/45 MP: 18/20
 24798 | Lair:2   | Found a hole to the Spider Nest.
 25691 | Lair:2   | Killed a cane toad
 26144 | Lair:2   | Reached skill level 5 in Dodging
 27728 | Lair:3   | Found a gate leading to a gauntlet.
 27741 | Gauntlet | Entered a Gauntlet
 27741 | Gauntlet | Found a transporter.
 27741 | Gauntlet | Found a transporter.
 27749 | Gauntlet | Found a transporter.
 27750 | Gauntlet | Noticed a wizard
 27753 | Gauntlet | Found a transporter.
 27761 | Gauntlet | Found a transporter.
 27765 | Gauntlet | Found a transporter.
 27773 | Gauntlet | Found a transporter.
 27781 | Gauntlet | Noticed a wretched star
 27790 | Gauntlet | Found a transporter.
 27804 | Gauntlet | Found a transporter.
 27808 | Gauntlet | Found a transporter.
 27810 | Gauntlet | Found a runed translucent gate.
 27810 | Gauntlet | Found a runed translucent gate.
 27810 | Gauntlet | Found a runed translucent gate.
 27813 | Gauntlet | Noticed a smoke demon
 27816 | Gauntlet | Found a transporter.
 27820 | Gauntlet | Found a transporter.
 28250 | Gauntlet | Killed a wretched star
 28251 | Gauntlet | Reached XP level 11. HP: 33/33 MP: 11/15
 28297 | Gauntlet | Got a flickering turquoise ring
 28350 | Gauntlet | Learned a level 4 spell: Summon Ice Beast
 28355 | Gauntlet | Learned a level 3 spell: Ozocubu's Armour
 28378 | Gauntlet | Identified the ring "Hula" {Wiz rC+ Dex-4 SInv} (You found
                  | it in a Gauntlet)
 28405 | Lair:3   | Noticed a six-headed hydra
 28407 | Lair:3   | Slain by a six-headed hydra

Illustrated notes

Levels and vault maps discovered:
D:1:      lightli_arrival_boilingwater, layout_loops_corners,
          lemuel_old_faithful
D:2:      layout_loops_ring, hex_tiny, kennysheep_generic_room_14
D:3:      layout_rooms, fedhas_altar_fruit_tree
D:4:      minmay_chambers_of_twos, layout_basic, portal_sewer_entry_a,
          uniq_robin, uniq_pikel
D:5:      layout_loops_ring, minmay_temple_entry_statues_pillars, tso_altar
D:6:      minmay_clustersquares, layout_basic, hangedman_decor_slide_cut,
          minmay_manual_mullet, uniq_prince_ribbit1
D:7:      layout_basic, serial_shops, nicolae_shop_competitors_out_of_business,
          uniq_menkaure
D:8:      minmay_statue_hallways, layout_gridville, lair_entry_dummy
D:9:      layout_irregular_city, nicolae_dithmenos_through_a_glass_darkly
D:10:     layout_roguey, lemuel_hellish_altar, uniq_maggie
D:11:     layout_stronghold, serial_park_tiny_1, uniq_psyche, uniq_snorg,
          uniq_erica
D:12:     layout_small_grid, zombieorc1_lemuel, serial_ice, serial_ice_e,
          serial_ice_g, serial_ice_k, serial_ice_h
Lair:1:   layout_chaotic_city, basic_altar, lemuel_fruit_tree
Lair:2:   layout_gridlike, spider_nest_entry_web_field, enter_volcano_4,
          grunt_megastairs_5, uniq_fannar
Lair:3:   dragon1_lemuel, layout_cave_shapes, gauntlet_entry_generic,
          pf_torpor_hydra, minmay_lair_oklob_chamber

Skill      XL: |  1  2  3  4  5  6  7  8  9 10 11 |
---------------+----------------------------------+-----
Dodging        | 3 6 |  6.8
Stealth        | 2 |  2.4
Unarmed Combat | 4 8 9 |  9.6
Transmutations | 3 4 7 11 12 | 12.1
Spellcasting   | 3 4 6 |  6.3
Poison Magic   | 1 |  1.1
Ice Magic      | 5 11 10 | 11.8
Fighting       | 3 5 |  5.9
Translocations | 5 3 |  5.3
Invocations    | |  0.9

Action                   |  1- 3 |  4- 6 |  7- 9 | 10-12 || total
-------------------------+-------+-------+-------+-------++-------
Melee: Unarmed           |    71 |   268 |   406 |   379 ||  1124
       Headbutt          |     4 |     8 |     1 |       ||    13
       Bite              |     2 |     4 |    16 |    33 ||    55
       Punch             |       |     1 |     6 |    12 ||    19
 Cast: Beastly Appendage |    17 |     9 |     1 |       ||    27
       Spider Form       |     4 |    24 |    18 |     5 ||    51
       Wereblood         |       |     4 |     7 |    10 ||    21
       Blade Hands       |       |       |    42 |    44 ||    86
       Blink             |       |       |     5 |     1 ||     6
       Ice Form          |       |       |     1 |    12 ||    13
       Ozocubu's Armour  |       |       |       |     1 ||     1
Invok: Wall of Briars    |       |       |     3 |     3 ||     6
       Grow Ballistomyce |       |       |     1 |     3 ||     4
       Overgrow          |       |       |       |     1 ||     1
 Abil: End Transformatio |       |       |       |     3 ||     3
Evoke: Wand              |       |       |     7 |    21 ||    28
  Use: Potion            |       |     2 |     1 |     2 ||     5
       Scroll            |       |     7 |     1 |    12 ||    20
 Stab: Sleeping          |     5 |     8 |     2 |     4 ||    19
       Distracted        |       |       |     1 |       ||     1
       Confused          |       |       |       |     3 ||     3
Armor: Skin              |     4 |    13 |    27 |    24 ||    68
Dodge: Dodged            |    39 |   215 |   321 |   322 ||   897

Table legend: (Time is in decaauts)
 A = Elapsed time spent in this place.
 B = Non-inter-level travel time spent in this place.
 C = Inter-level travel time spent in this place.
 D = Time resting spent in this place.
 E = Time spent auto-exploring this place.
 F = Levels seen in this place.
 G = Mean time per level.
                   A        B        C        D        E       F      G
               +--------+--------+--------+--------+--------+-----+--------+
         Total |  26255 |  25233 |   1022 |   8654 |  12687 |  17 | 1544.4 |
       Dungeon |  18975 |  18380 |    595 |   5195 |  10876 |  12 | 1581.2 |
          Lair |   5694 |   5267 |    427 |   3159 |   1121 |   3 | 1898.0 |
         Sewer |   1054 |   1054 |      0 |    207 |    602 |   1 | 1054.0 |
      Gauntlet |    531 |    531 |      0 |     93 |     87 |   1 |  531.0 |
               +--------+--------+--------+--------+--------+-----+--------+

Top non-repeatable levels by time:
  Lair:1: 4224 daAuts
     D:8: 2810 daAuts
    D:11: 2141 daAuts
     D:6: 1990 daAuts
     D:4: 1977 daAuts
     D:5: 1789 daAuts
    D:10: 1639 daAuts
     D:7: 1599 daAuts
     D:1: 1516 daAuts
  Lair:2: 1435 daAuts
     D:3: 1375 daAuts
   Sewer: 1054 daAuts
     D:2: 1037 daAuts
     D:9: 1020 daAuts
Gauntlet: 531 daAuts
